 Dungeon Crawl Stone Soup version 0.30.1-11-g7821555f0a (webtiles) character file.

Game seed: 13190164057438085772

859 Wiggles the Cleaver (level 7, 0/93 HPs)
             Began as a Minotaur Berserker on Nov 28, 2023.
             Was a Priest of Trog.
             Slain by a gnoll sergeant
             ... wielding a +1 spear of freezing
              (8 damage)
             ... on level 5 of the Dungeon.
             The game lasted 00:05:20 (3370 turns).

Wiggles the Cleaver (Minotaur Berserker)            Turns: 3370, Time: 00:05:21

Health: 0/93       AC:  8    Str: 24    XL:     7   Next: 71%
Magic:  6/6        EV: 12    Int:  4    God:    Trog [***...]
Gold:   194        SH:  0    Dex:  9    Spells: 6/6 levels left

rFire   + . .        a - +0 hand axe
rCold   + . .        (no shield)
rNeg    + . .        r - +3 leather armour "Zopricag" {rF+ rC+ Stlth+}
rPois   .            (helmet restricted)
rElec   .            (no cloak)
rCorr   .            i - +1 pair of gloves
SInv    +            (no boots)
Will    .....        (no amulet) Stlth
                     k - ring of positive energy
HPRegen 0.35/turn    n - ring of see invisible
MPRegen 0.10/turn

%: no passive effects
@: berserking, lethally poisoned (0 -> -8), very quick
A: horns 2, retaliatory headbutt
a: Renounce Religion, Berserk, Trog's Hand


You were on level 5 of the Dungeon.
You worshipped Trog.
Trog was most pleased with you.
You visited 1 branch of the dungeon, and saw 5 of its levels.

You collected 194 gold pieces.

Inventory:

Hand Weapons
 a - a +0 hand axe (weapon)
Armour
 i - a +1 pair of gloves (worn)
 r - the +3 leather armour "Zopricag" (worn) {rF+ rC+ Stlth+}
   (You found it on level 4 of the Dungeon)

   rF:        It protects you from fire.
   rC:        It protects you from cold.
   Stlth:     It makes you more stealthy.
Jewellery
 k - a ring of positive energy (left hand)
 n - a ring of see invisible (right hand)
Wands
 y - a wand of charming (8)
Scrolls
 b - 2 scrolls of identify {unknown}
 d - 2 scrolls of noise {unknown}
 e - 3 scrolls of teleportation {unknown}
 m - a scroll of poison {unknown}
 o - a scroll of amnesia {unknown}
 s - a scroll of blinking {unknown}
 t - a scroll of vulnerability {unknown}
 u - a scroll of butterflies {unknown}
 w - a scroll of enchant weapon {unknown}
Potions
 c - 4 potions of curing {unknown}
 f - a potion of flight {unknown}
 g - a potion of attraction {unknown}
 h - a potion of degeneration {unknown}
 j - a potion of lignification {unknown}
 l - 3 potions of might {unknown}
 p - a potion of heal wounds {unknown}
 q - a potion of mutation {unknown}
 v - 2 potions of haste {unknown}
 x - a potion of magic {unknown}


   Skills:
 + Level 5.8 Fighting
 + Level 8.0 Axes
 + Level 4.9 Armour
 + Level 4.0 Dodging
 + Level 1.5 Stealth


You had 6 spell levels left.
You didn't know any spells.
Your spell library was empty.

Dungeon Overview and Level Annotations

Branches:
Dungeon (5/15)
 Temple: D:4-7

Altars:
Yredelemnul

Shops:
D:3 :

Portals:
Abyss: D:4

Annotations:
D:4 2 transporters, Drain's ghost, novice HOFi


Innate Abilities, Weirdness & Mutations

You have a pair of horns on your head.
You reflexively headbutt those who attack you in melee.


Message History

You headbutt the water moccasin!
A red film seems to cover your vision as you go berserk!
You feel yourself moving faster!
You feel mighty! The water moccasin bites you. The adder misses you.
The gnoll sergeant hits you from afar with a +1 spear of freezing!
* * * LOW HITPOINT WARNING * * *
The gnoll sergeant freezes you.
* * * LOW HITPOINT WARNING * * *
The shadow imp closely misses you.
You closely miss the water moccasin.
Your headbutt misses the water moccasin.
The water moccasin is severely wounded.
You hit the adder. You hit the shadow imp.
You feel the power of Trog in you as your rage grows.
You kill the shadow imp!
Trog accepts your kill. The water moccasin bites you.
* * * LOW HITPOINT WARNING * * *
You are lethally poisoned!
The water moccasin poisons you! The adder barely misses you.
You closely miss the water moccasin.
The water moccasin is severely wounded.
You slash the adder!
You kill the adder!
Trog accepts your kill.
* * * LOW HITPOINT WARNING * * *
You feel very sick. The gnoll sergeant barely misses you.
The water moccasin misses you.
Your Axes skill increases to level 8!
Your Dodging skill increases to level 4!
You barely miss the water moccasin.
The water moccasin is severely wounded.
* * * LOW HITPOINT WARNING * * *
You feel sick. The water moccasin closely misses you. You furiously retaliate!
You headbutt the water moccasin!
You feel the power of Trog in you as your rage grows.
You kill the water moccasin!
Trog accepts your kill.
The gnoll sergeant hits you from afar with a +1 spear of freezing!
You die...

### #.. ##### #### #.#
#.... ..# #.# # ....#
#.# #.#.# #.#.#
#.####.#.###
#.#.######.....††...###
##.#............@).)....
..........#######.......
>....####.# g##.##.
##.#.# #.# .# #
#....###... ..
..#......... .#
#....###...#. .#
....)).##.##.. ..
###.<#)##.# ..


You could see a gnoll sergeant.

Vanquished Creatures
  A water moccasin (D:5)
  A black bear (D:5)
  A centaur (D:5)
  2 scorpions (D:4)
  3 orc priests (D:4)
  2 hounds
  2 gnoll boudas
  An iguana (D:4)
  A sleepcap (D:4)
  An orc wizard (D:4)
  11 gnolls
  8 adders
  A shadow imp (D:5)
  2 worms
  A dart slug (D:3)
  12 orcs
  7 endoplasms
  3 giant cockroaches
  8 goblins
  6 hobgoblins
  5 quokkas
  8 ball pythons
  4 bats
  A frilled lizard (D:3)
  4 kobolds
  3 rats
99 creatures vanquished.

Notes
Turn   | Place    | Note
-------+----------+-------------------------------------------
     0 | D:1      | Wiggles the Minotaur Berserker began the quest for the Orb.
     0 | D:1      | Reached XP level 1. HP: 19/19 MP: 0/0
   555 | D:1      | Reached skill level 4 in Axes
   555 | D:1      | Reached XP level 2. HP: 27/27 MP: 1/1
   832 | D:2      | Found a basalt altar of Yredelemnul.
  1037 | D:2      | Reached XP level 3. HP: 28/33 MP: 2/2
  1407 | D:3      | Noticed a walking frostbound tome
  1415 | D:3      | Found Weogo's Book Shoppe.
  1417 | D:3      | Noticed a walking earthen tome
  1455 | D:3      | Reached ** piety under Trog
  1487 | D:3      | Reached XP level 4. HP: 39/41 MP: 3/3
  1580 | D:3      | Reached skill level 5 in Axes
  2146 | D:4      | Found a transporter.
  2149 | D:4      | Noticed a scorpion
  2153 | D:4      | Reached XP level 5. HP: 45/47 MP: 4/4
  2156 | D:4      | Reached skill level 6 in Axes
  2176 | D:4      | Reached skill level 5 in Fighting
  2283 | D:4      | Reached XP level 6. HP: 27/56 MP: 5/5
  2670 | D:4      | Identified the +3 leather armour "Zopricag" {rF+ rC+
                  | Stlth+}
  2731 | D:4      | Noticed a small abomination
  2744 | D:4      | Found a one-way gate to the infinite horrors of the Abyss.
  2744 | D:4      | Noticed Drain's ghost (novice HOFi)
  2763 | D:4      | Reached skill level 7 in Axes
  2796 | D:4      | Found a transporter.
  2884 | D:4      | Reached XP level 7. HP: 49/61 MP: 6/6
  3060 | D:4      | Noticed a small abomination
  3139 | D:5      | Entered Level 5 of the Dungeon
  3146 | D:5      | Reached skill level 1 in Stealth
  3159 | D:5      | Reached *** piety under Trog
  3370 | D:5      | Reached skill level 8 in Axes
  3370 | D:5      | Slain by a gnoll sergeant

Illustrated notes

Levels and vault maps discovered:
D:1:      heliophobic_arrival_glass_houses, layout_basic
D:2:      layout_basic, basic_altar
D:3:      layout_loops_cross, serial_shops, nicolae_shop_mannequins,
          minmay_quadrilaterals
D:4:      layout_basic, gammafunk_ghost_abyssal_escape,
          minmay_stone_trees_medium
D:5:      layout_loops_ring, minmay_temple_entry_statues

Skill      XL: |  1  2  3  4  5  6  7 |
---------------+----------------------+-----
Axes           | 4 5 6 7 8 |  8.0
Fighting       | 4 5 |  5.8
Armour         | 3 4 |  4.9
Dodging        | 3 4 |  4.0
Stealth        | 1 |  1.5

Action                     |  1- 3 |  4- 6 |  7- 9 || total
---------------------------+-------+-------+-------++-------
  Melee: Hand axe          |    74 |   105 |    42 ||   221
         Punch             |     1 |     2 |       ||     3
         Headbutt          |     6 |    17 |     3 ||    26
 Invoke: Berserk           |       |     4 |     2 ||     6
   Stab: Sleeping          |     1 |     1 |       ||     2
 Armour: Animal skin       |     5 |       |       ||     5
         Leather armour    |     4 |     5 |    28 ||    37
         Ring mail         |     5 |    45 |       ||    50
  Dodge: Dodged            |    43 |    67 |    47 ||   157
